 Dungeon Crawl Stone Soup version 0.30.1-4-g462c640d31 (webtiles) character file.

Game seed: 14984107823513105382

25 croobank the Charlatan (level 2, -1/24 HPs)
             Began as an Armataur Artificer on Aug 24, 2023.
             Slain by Terence
             ... wielding a +0 falchion
              (3 damage)
             ... on level 2 of the Dungeon.
             The game lasted 00:02:58 (745 turns).

croobank the Charlatan (Armataur Artificer)          Turns: 745, Time: 00:02:58

Health: -1/24      AC:  4    Str: 17    XL:     2   Next: 86%
Magic:  2/2        EV:  9    Int: 11    God:
Gold:   49         SH:  0    Dex: 10    Spells: 1/1 levels left

rFire   . . .        i - +0 dagger
rCold   . . .        (no shield)
rNeg    . . .        b - +0 leather armour
rPois   .            (no helmet)
rElec   .            (no cloak)
rCorr   .            (no gloves)
SInv    .            (no barding)
Will    .....        (no amulet)
Stlth   +            (no ring)
HPRegen 0.24/turn    (no ring)
MPRegen 0.08/turn

%: roll
@: no status effects
A: large, rugged brown scales 3, deformed body, armoured tail, roll, long
tongue, awkward tongue
a: no special abilities


You were on level 2 of the Dungeon.
You visited 1 branch of the dungeon, and saw 2 of its levels.

You collected 49 gold pieces.

Inventory:

Hand Weapons
 a - a +0 club
 i - a +0 dagger (weapon)
Missiles
 k - 5 poisoned darts
Armour
 b - a +0 leather armour (worn)
Magical Staves
 n - a staff of fire
Wands
 c - a wand of flame (14) (quivered)
 d - a wand of charming (14)
 e - a wand of iceblast (5)
Scrolls
 g - a scroll of identify {unknown}
 l - a scroll of immolation {unknown}
 m - a scroll of fear {unknown}
Potions
 h - a potion of haste {unknown}
 j - a potion of lignification {unknown}
 o - a potion of flight {unknown}


   Skills:
 + Level 1.3 Fighting
 + Level 2.8 Armour
 + Level 1.1 Dodging
 + Level 1.7 Stealth
 + Level 3.2 Evocations


You had one spell level left.
You didn't know any spells.
Your spell library contained the following spells:

 Spells                   Type           Power      Damage    Failure   Level
 Cigotuvi's Dreadful Rot  Necr/Pois/Air  0%         N/A       54%         2
 Vhi's Electric Charge    Tloc/Air       0%         N/A       77%         3
 Dispel Undead            Necr           0%         3d6       99%         4
 Arcjolt                  Conj/Air       0%         1d10      100%        5
 Death Channel            Necr           0%         N/A       100%        6
 Plasma Beam              Fire/Air       0%         2x1d11    100%        6


Dungeon Overview and Level Annotations

Branches:
Dungeon (2/15)

Altars:

Shops:
D:1 [

Annotations:
D:2 Terence


Innate Abilities, Weirdness & Mutations

You are completely covered in rugged brown scales. (AC +3, +7% HP)
Armour fits poorly on your strangely shaped body.
You have a long armoured tail.
You roll when moving toward enemies. (Rampage)
Your long tongue fully drains potion bottles. (2x potion effects)
Your tongue gives you trouble enunciating. (1.5x scroll delay)


Message History

The hobgoblin is moderately wounded.
The hobgoblin barely misses you.
You hit the hobgoblin.
The hobgoblin is severely wounded.
The hobgoblin closely misses you.
You barely miss the hobgoblin.
Your tail-slap misses the hobgoblin.
The hobgoblin is heavily wounded.
The hobgoblin barely misses you.
You hit the hobgoblin.
You kill the hobgoblin!
Aiming: Iceblast
Press: ? - help, Shift-Dir - straight line, f - Terence
Aim: Terence, wielding a +0 falchion and wearing a +0 ring mail
Okay, then.
Aiming: Throw Flame
Press: ? - help, Shift-Dir - straight line, f - Terence
Aim: Terence, wielding a +0 falchion and wearing a +0 ring mail (75% to hit)
The puff of flame misses Terence.
Terence barely misses you.
You hit Terence.
Terence is lightly wounded.
Terence hits you with a +0 falchion.
You barely miss Terence.
Terence is lightly wounded.
Terence hits you with a +0 falchion!
You hit Terence.
Terence is moderately wounded.
Terence hits you with a +0 falchion.
You closely miss Terence.
Your tail-slap misses Terence.
Terence is moderately wounded.
Terence bares his teeth.
Terence hits you with a +0 falchion.
* * * LOW HITPOINT WARNING * * *
You hit Terence but do no damage.
Terence is moderately wounded.
Terence hits you with a +0 falchion.
* * * LOW HITPOINT WARNING * * *
As you slowly read the scroll labelled LAZA BEIPE, it crumbles to dust.
You feel aware of your surroundings.
You sensed 2 altars.
It was a scroll of magic mapping.
Terence hits you with a +0 falchion.
You die...

##........## #..........#
#..........# *********
#..........# *,,,,,,,*
#..........# *,,,,,,,*
#..........# *,,,,.,,*******
###......^.## *,,[..,,*,,,,,,
##..........#######.....,,*,,,,,,
................@@......,,*,,,,,,
##...........#...##.....,,*,,,,,,
...............###*,,...,,,,,,,,,
.............###***,,,,.,,*,,>,,,
.............####..,,,,,,,,,,****
.#................#***,.,,****
.##..........#####* *.#***
.........##†.# *##.*
#####....##..# ##..,*


You could see Terence.

Vanquished Creatures
  3 ball pythons
  3 giant cockroaches
  2 goblins (D:1)
  5 hobgoblins
  2 kobolds (D:1)
  3 bats
  A frilled lizard (D:1)
  3 rats (D:1)
22 creatures vanquished.

Vanquished Creatures (others)
  An endoplasm (D:1)
1 creature vanquished.

Grand Total: 23 creatures vanquished

Notes
Turn   | Place    | Note
-------+----------+-------------------------------------------
     0 | D:1      | croobank the Armataur Artificer began the quest for the
                  | Orb.
     0 | D:1      | Reached XP level 1. HP: 16/16 MP: 1/1
   163 | D:1      | Reached skill level 1 in Fighting
   265 | D:1      | Reached XP level 2. HP: 24/24 MP: 2/2
   397 | D:1      | Reached skill level 1 in Dodging
   417 | D:1      | Found Nonasoe's Antique Armour Shoppe.
   732 | D:2      | Noticed Terence
   745 | D:2      | Slain by Terence

Illustrated notes

Levels and vault maps discovered:
D:1:      heliophobic_arrival_henge, layout_basic, serial_shops, shop_fountains
D:2:      layout_rooms, dreamdust_ecumenical_altar_hidden_monk_grotto,
          basic_altar, uniq_terence

Skill      XL: |  1  2 |
---------------+-------+-----
Fighting       | 1 |  1.3
Dodging        | 1 |  1.1
Armour         | |  2.8
Stealth        | |  1.7
Evocations     | |  3.2

Action                     || total
---------------------------++-------
  Melee: Club              ||    27
         Tailslap          ||     6
         Dagger            ||    64
         Punch             ||     1
  Evoke: Wand              ||     2
    Use: Scroll            ||     1
 Armour: Leather armour    ||    41
  Dodge: Dodged            ||    55
